Unix NetHack Version 5.0.0-0 post-release - last build May 10 2026 23:12:36 (d1fa5d53e341ca933230fdaa984d921c805b60aa,branch:main).

Game began 2026-05-16 17:28:07, ended 2026-05-16 20:50:03.

Brudee, lawful female human Monk

                                                              ----------
                                                             #-...u....|
                                                             #|........|
 ------                                                      #|........|
 |....|                                  -+------            #-----.----
 |....-####                              |......-#  ##             #
 |....|                                  |......|####              #
 |....|          ------------   -----  ##........######            #
 |....-###       |..........|  --...-- # -.------     )#           #
 ------  #)#D@   |..........| --.....--#  ([###*##))####*####      #
             @###2..^.)*.....#|>......|#                   ####### #
                 ------------#|.......|#                   #    -.-|-
                             #.........#                   #    |...|
                              --.^...--                    #    |...|
                               --...--                     ##0  |.<.|
                                -----                        ###....|
                                                                -----

Brudee the Student of Stones    St:18 Dx:15 Co:14 In:10 Wi:13 Ch:11  Lawful S:59222
Dlvl:13 $:297 HP:0(65) Pw:59(59) AC:-4 Xp:11/10838 T:13155  Burdened

Latest messages:
 The elf-lord staggers from your powerful strike!
 The elf-lord wields a runed broadsword!
 You hit the elf-lord!
 The elf-lord reads a scroll of teleportation!
 The elf-lord shudders for a moment.
 The elf-lord swings his runed broadsword.
 The elf-lord hits!
 The elf-lord swings his runed broadsword.
 The elf-lord misses!
 You kill the elf-lord!
 There are several objects here.
 The elf-lord swings his runed broadsword.
 The elf-lord misses!
 The elf-lord swings his runed broadsword.
 The elf-lord hits!
 You hit the elf-lord!
 You hit the elf-lord!
 You hit the elf-lord!
 You kill the elf-lord!
 The elf-lord swings his runed broadsword.
 The elf-lord just misses!
 The elf-lord swings his runed broadsword.
 The elf-lord hits!
 The invisible red dragon picks up a thoroughly rotted elven leather helm.
 There are several objects here.
 The elf-lord swings his runed broadsword.
 The elf-lord misses!
 The elf-lord swings his runed broadsword.
 The elf-lord hits!
 You hit the elf-lord!
 You hit the elf-lord!
 The elf-lord swings his runed broadsword.
 The elf-lord hits!
 The elf-lord swings his runed broadsword.
 The elf-lord hits again!
 The invisible red dragon bites the elf-lord.
 The invisible red dragon hits the elf-lord.
 The invisible red dragon hits the elf-lord.
 The elf-lord swings his runed broadsword at the invisible red dragon.
 The elf-lord misses the invisible red dragon.
 The elf-lord swings his runed broadsword at the invisible red dragon.
 The elf-lord misses the invisible red dragon.
 You don't have anything to drink.
 You hit the elf-lord!
 The elf-lord swings his runed broadsword.
 The elf-lord hits!
 You die...
 Do you want your possessions identified? [ynq] (y) y
 Do you want to see your attributes? [ynq] (y) y
 Do you want an account of creatures vanquished? [ynaq] (y) q

Inventory:
 Coins    ('$')
  $ - 297 gold pieces
 Amulets  ('"')
  v - a blessed amulet of guarding (being worn)
 Armor    ('[')
  f - an uncursed +0 helm of brilliance (being worn)
  S - an uncursed burnt rotted +2 pair of leather gloves (being worn)
  W - an uncursed +0 pair of jumping boots (being worn)
  s - a blessed +0 cloak of protection (being worn)
 Comestibles  ('%')
  p - 3 uncursed food rations
 Wands    ('/')
  U - a wand of cancellation (0:4)
  T - a cursed wand of create monster (0:15)
  c - a wand of enlightenment (0:13)
  Q - a wand of fire (0:7)
  N - a cursed wand of light (0:12)
  e - a cursed wand of magic missile (0:3)
  G - a wand of make invisible (0:4)
  X - a cursed wand of make invisible (0:6)
  m - a wand of secret door detection (0:11)
  L - a wand of speed monster (0:7)
  V - a wand of speed monster (0:4)
  Y - a wand of speed monster (0:2)
  H - a cursed wand of stasis (0:3)
  k - a cursed wand of striking (0:0)
 Tools    ('(')
  i - a blessed bag of holding containing 137 items
  w - a cursed bag of tricks (0:5)
  n - an uncursed blindfold
  o - an uncursed magic lamp (lit)
  d - an uncursed skeleton key
  u - a blessed +0 unicorn horn
 Gems/Stones  ('*')
  M - a blessed luckstone
  x - a cursed touchstone

Contents of the bag of holding:
  25369 gold pieces
  a cursed amulet of life saving
  an uncursed amulet of magical breathing
  an uncursed amulet of reflection
  an uncursed amulet of reflection
  an uncursed amulet versus poison
  34 +0 darts
  the blessed rustproof +1 Excalibur
  a thoroughly rusty +0 long sword
  the rustproof +2 Ogresmasher
  an uncursed +0 elven leather helm
  a cursed -2 helm of opposite alignment
  an uncursed +0 pair of gauntlets of dexterity
  a blessed very burnt +1 pair of high boots
  a blessed +0 pair of kicking boots
  an uncursed +1 robe
  a blessed rotproof +3 set of gray dragon scales
  an uncursed slime mold
  2 uncursed apples
  8 uncursed food rations
  2 uncursed fortune cookies
  3 uncursed oranges
  a cursed sprig of wolfsbane
  an uncursed scroll of amnesia
  5 uncursed scrolls of blank paper
  4 uncursed scrolls of charging
  a cursed scroll of confuse monster
  an uncursed scroll of create monster
  a blessed scroll of earth
  2 uncursed scrolls of earth
  2 cursed scrolls of earth
  5 uncursed scrolls of enchant armor
  a cursed scroll of enchant armor
  an uncursed scroll of enchant weapon
  a cursed scroll of enchant weapon
  2 uncursed scrolls of food detection
  a cursed scroll of food detection
  an uncursed scroll of genocide
  2 uncursed scrolls of light
  2 uncursed scrolls of magic mapping
  a cursed scroll of magic mapping
  a blessed scroll of stinking cloud
  an uncursed scroll of stinking cloud
  a blessed scroll of teleportation
  4 uncursed scrolls of teleportation
  a cursed scroll of teleportation
  a cursed spellbook of charm monster
  a blessed spellbook of confuse monster
  an uncursed spellbook of detect food
  an uncursed spellbook of detect treasure
  an uncursed spellbook of dig
  an uncursed spellbook of extra healing
  an uncursed spellbook of magic mapping
  an uncursed spellbook of magic missile
  an uncursed spellbook of magic missile
  an uncursed spellbook of polymorph
  a cursed spellbook of slow monster
  an uncursed potion of booze
  4 cursed potions of extra healing
  an uncursed potion of fruit juice
  a cursed potion of fruit juice
  an uncursed potion of full healing
  a cursed potion of full healing
  2 uncursed potions of gain energy
  an uncursed potion of gain level
  an uncursed potion of healing
  an uncursed potion of invisibility
  an uncursed potion of monster detection
  a cursed potion of oil
  an uncursed potion of polymorph
  a cursed potion of restore ability
  a blessed potion of sleeping
  2 uncursed potions of speed
  a potion of holy water
  a potion of unholy water
  an uncursed -2 ring of adornment
  a cursed ring of cold resistance
  an uncursed ring of fire resistance
  a cursed +1 ring of gain constitution
  a cursed +3 ring of gain strength
  an uncursed ring of invisibility
  a cursed ring of invisibility
  an uncursed ring of poison resistance
  an uncursed ring of poison resistance
  a cursed +1 ring of protection
  an uncursed ring of protection from shape changers
  an uncursed ring of protection from shape changers
  an uncursed ring of regeneration
  an uncursed ring of regeneration
  a cursed ring of searching
  an uncursed ring of shock resistance
  an uncursed ring of shock resistance
  an uncursed ring of stealth
  an uncursed ring of sustain ability
  a cursed ring of warning
  a wand of cold (0:7)
  a wand of death (0:5)
  a wand of digging (0:8)
  a wand of digging (0:6)
  a wand of digging (0:4)
  a wand of digging (0:4)
  a wand of digging (0:4)
  a wand of digging (0:1)
  a wand of light (0:11)
  a wand of lightning (0:7)
  a wand of locking (0:6)
  a wand of magic missile (0:4)
  a wand of magic missile (0:0)
  a wand of magic missile (0:0)
  a wand of make invisible (0:6)
  a wand of make invisible (0:3)
  a wand of secret door detection (0:11)
  a wand of stasis (0:4)
  a wand of striking (0:4)
  a wand of striking (0:0)
  a wand of striking (0:0)
  an empty uncursed sack
  an expensive camera (0:56)
  a magic marker (0:99)
  a magic marker (0:40)
  a +0 pick-axe
  an uncursed tin opener
  an uncursed tin whistle
  an uncursed wax candle
  an uncursed amethyst stone
  an uncursed diamond
  an uncursed dilithium crystal
  3 uncursed emeralds
  2 uncursed rubies
  4 uncursed turquoise stones
  3 uncursed worthless pieces of blue glass
  4 uncursed worthless pieces of green glass
  4 uncursed worthless pieces of red glass
  5 uncursed worthless pieces of white glass
  an uncursed worthless piece of yellow glass
  an uncursed worthless piece of yellowish brown glass
  a blessed luckstone

Brudee the Monk's attributes:

Background:
 You were a Student of Stones, a level 11 female human Monk.
 You were lawful, on a mission for Shan Lai Ching
 who was opposed by Chih Sung-tzu (neutral) and Huan Ti (chaotic).
 You were right-handed.
 You were in the Dungeons of Doom, on level 13.
 You entered the dungeon 13155 turns ago.
 There was a new moon in effect when your adventure ended.
 You had 10838 experience points, 9162 more were needed to attain level 12.
 Your score was 59222 before end-of-game adjustments.

Basics:
 You had 0 out of 65 hit points.
 You had all 59 energy points (spell power).
 Your armor class was -4.
 Your wallet contained 297 zorkmids, and
 you had 25369 more stashed away in your pack.
 Autopickup was on for '$!=+?/"' plus thrown.

Final Characteristics:
 Your strength was 18 (peak:18/01, limit:18/100).
 Your dexterity was 15 (limit:18).
 Your constitution was 14 (limit:18).
 Your intelligence was 10 (limit:18).
 Your wisdom was 13 (limit:18).
 Your charisma was 11 (limit:18).

Final Status:
 You weren't hungry.
 You were burdened; movement was slightly slowed.
 You were empty handed.
 You had master skill with martial arts.

Final Attributes:
 You were piously aligned.
 You were fire resistant.
 You were sleep resistant.
 You were poison resistant.
 You saw invisible.
 You were telepathic.
 You were warned.
 You had automatic searching.
 You were invisible to others.
 You were stealthy.
 You could jump.
 You had a moderate defense bonus (+7).
 You were protected.
 You were fast.
 You were very lucky.
 You had extra luck.
 Good luck did not time out for you.
 You are dead.

Miscellaneous:
 You encountered 1 bones level.
 Total elapsed playing time was 3 hours, 21 minutes and 55 seconds.

Major events:
 Turn
    1: Brudee the lawful female human Monk entered the dungeon
 2533: attained the rank of Novice (level 3)
 3129: entered the Gnomish Mines
 3147: reached Mine Town
 3962: attained the rank of Initiate (level 6)
 5139: acquired the Mines' End luckstone
 6624: Kinojevis, the general store proprietrix, has been killed
 6663: Noskcirdneh, the hardware store proprietor, has been killed
 6762: Izchak, the lighting store proprietor, has been killed
 7015: was bestowed with Ogresmasher by Shan Lai Ching
 9850: attained the rank of Student of Stones (level 10)
10418: Budereyri, the general store proprietor, has been killed
11628: found Excalibur on the floor
11961: entered Sokoban
13155: killed by an elf-lord

Spells:
 Name                 Level Category     Fail Retention
 confuse monster        1   enchantment   36%   26%-50%

Skills:
 Fighting Skills
   martial arts       [Master]
 Weapon Skills
   hammer             [Unskilled]
   quarterstaff       [Unskilled]
   spear              [Unskilled]
   crossbow           [Unskilled]
   shuriken           [Unskilled]
 Spellcasting Skills
   attack spells      [Unskilled]
   healing spells     [Basic]
   divination spells  [Unskilled]
   enchantment spells [Unskilled]
   clerical spells    [Unskilled]
   escape spells      [Unskilled]
   matter spells      [Unskilled]

Voluntary challenges:
 Character rerolling was not enabled.
 You never genocided any monsters.
 You never polymorphed an object.
 You used no wishes.
 You did not violate any of the special Sokoban rules.
Achievements:
 You entered a shop.
 You attained the rank of Novice.
 You entered the Gnomish Mines.
 You entered Minetown.
 You entered a temple.
 You attained the rank of Initiate.
 You completed the Gnomish Mines.
 You attained the rank of Student of Stones.
 You entered Sokoban.

 The Dungeons of Doom: levels 1 to 13
    Level 1:
    Level 2:
       A sink.
    Level 3:
       A general store, an altar to Shan Lai Ching.
       Stairs down to The Gnomish Mines.
    Level 4:
       A general store.
    Level 5:
       A food shop, a grave.
    Level 6:
    Level 7:
    Level 8:
    Level 9:
       Oracle of Delphi.
    Level 10:
       Stairs up to Sokoban, level 9.
    Level 11:
       A general store.
    Level 12:
    Level 13: <- You were here.
       Final resting place for
          you, killed by an elf-lord,
          groeloe-Kni-Hum-Fem-Law, killed by a rock troll,
          BaeHund-Mon-Hum-Mal-Cha, killed by a rock troll.
 The Gnomish Mines: levels 4 to 12
    Level 4:
    Level 5:
    Level 6:
       Many shops, a temple and an altar to Shan Lai Ching, a fountain, some trees.
    Level 7:
    Level 8:
    Level 9:
    Level 10:
    Level 11:
    Level 12:
 Sokoban:
    Level 9:
       Unsolved.


Vanquished creatures:
  a baby white dragon
  4 shopkeepers
 an aligned cleric
  2 watch captains
  3 ghosts
  a giant mimic
 an elven monarch
  a bone devil
  2 large mimics
  a stalker
 an air elemental
 an earth elemental
  a hill giant
  2 elf-nobles
  a water demon
  a warg
  a winter wolf
  8 small mimics
  a warhorse
  3 xans
 an ogre leader
  a quantum mechanic
  a troll
  a wood golem
  a djinni
  a pyrolisk
  a freezing sphere
  3 flaming spheres
  2 tigers
  a gargoyle
  a dwarf ruler
 an ochre jelly
  a leocrotta
 an energy vortex
 an elf mummy
  a human mummy
  2 pit vipers
  a wraith
  a carnivorous ape
  2 ettin zombies
  a leather golem
  3 watchmen
 an amorous demon
  2 chameleons
  a crocodile
  a giant beetle
  a quivering blob
  2 cockatrices
  a wolf
  2 lynxes
  a panther
  2 leprechauns
  2 iron piercers
  3 mumakil
  4 giant spiders
  a horse
  a black light
  a forest centaur
  2 gnome rulers
  2 orc mummies
  a dwarf mummy
  a brown pudding
 an owlbear
  a lizard
  a chickatrice
  a jaguar
  a dwarf leader
  a blue jelly
  a white unicorn
  3 gray unicorns
  a black unicorn
  2 dust vortices
  3 ravens
  5 plains centaurs
  a gnome mummy
 13 water moccasins
  5 apes
  9 bugbears
 an imp
  2 wood nymphs
  a water nymph
  a mountain nymph
  8 Uruk-hai
  4 orc shamans
  4 rock piercers
  a fog cloud
  2 yellow lights
  2 shriekers
 20 gnome leaders
  5 gnomish wizards
  2 kobold mummies
  a paper golem
  5 giant ants
  a little dog
  6 floating eyes
 22 dwarves
 11 hill orcs
  5 rothes
  2 centipedes
  3 giant bats
  a monkey
  7 dwarf zombies
  4 wererats
  3 iguanas
  9 killer bees
  4 acid blobs
  a gas spore
  4 hobbits
  2 large kobolds
  8 hobgoblins
  a giant rat
  2 cave spiders
  2 brown molds
  a green mold
 69 gnomes
  2 garter snakes
  2 gnome zombies
  7 geckos
  3 jackals
  2 foxes
  2 kobolds
  5 goblins
  a sewer rat
  6 grid bugs
  4 lichens
  4 kobold zombies
  9 newts
421 creatures vanquished.

No species were genocided or became extinct.

Game over:
                       ----------
                      /          \
                     /    REST    \
                    /      IN      \
                   /     PEACE      \
                  /                  \
                  |      Brudee      |
                  |     25666 Au     |
                  |   killed by an   |
                  |     elf-lord     |
                  |                  |
                  |                  |
                  |       2026       |
                 *|     *  *  *      | *
        _________)/\\_//(\/(/\)/\//\/|_)_______

Goodbye Brudee the Monk...

You died in The Dungeons of Doom on dungeon level 13 with 56656 points,
and 25666 pieces of gold, after 13155 moves.
You were level 11 with a maximum of 65 hit points when you died.

